 Dungeon Crawl Stone Soup version 0.28.0-47-ge53b351184 (webtiles) character file.

Game seed: 12370229158247421039

9 Allula97 the Skirmisher (level 2, -2/24 HPs)
             Began as a Demonspawn Monk on May 9, 2022.
             Slain by a water moccasin skeleton (5 damage)
             ... on level 2 of the Dungeon.
             The game lasted 00:01:34 (943 turns).

Allula97 the Skirmisher (Demonspawn Monk)            Turns: 943, Time: 00:01:35

Health: -2/24      AC:  4    Str: 11    XL:     2   Next: 3%
Magic:  2/2        EV: 13    Int: 11    God:
Gold:   19         SH:  0    Dex: 15    Spells: 1/1 levels left

rFire   . . .      SeeInvis .   a - +0 hand axe
rCold   . . .      Faith    .   (no shield)
rNeg    . . .      Spirit   .   b - +0 robe
rPois   .          Reflect  .   h - +0 helmet
rElec   .          Harm     .   g - +0 cloak
rCorr   .          Rampage  .   (no gloves)
Will    .....                   (no boots)
Stlth   ++........              (no amulet)
HPRegen 0.08/turn               (no ring)
MPRegen 0.16/turn               (no ring)

@: no status effects
A: magic regeneration
a: no special abilities


You were on level 2 of the Dungeon.
You visited 1 branch of the dungeon, and saw 2 of its levels.

You collected 19 gold pieces.

Inventory:

Hand Weapons
 a - a +0 hand axe (weapon)
Armour
 b - a +0 robe (worn)
 g - a +0 cloak (worn)
 h - a +0 helmet (worn)
Scrolls
 c - 2 scrolls of teleportation {unknown}
 d - 3 scrolls of immolation {unknown}
 f - a scroll of identify {unknown}
Potions
 e - a potion of mutation {unknown}


   Skills:
 * Level 3.0 Fighting
 * Level 2.8 Axes
 * Level 0.5 Armour
 * Level 2.9 Dodging
 + Level 1.8 Stealth


You had one spell level left.
You didn't know any spells.
Your spell library was empty.

Dungeon Overview and Level Annotations

Branches:
Dungeon (2/15)

Altars:


Innate Abilities, Weirdness & Mutations

You regenerate magic rapidly.


Message History

Your magic begins to regenerate rapidly.
You see here a ball python corpse.
A water moccasin skeleton comes into view.
The water moccasin skeleton bites you.
You hit the water moccasin skeleton.
The water moccasin skeleton is lightly damaged.
The water moccasin skeleton closely misses you.
You hit the water moccasin skeleton.
The water moccasin skeleton is moderately damaged.
The water moccasin skeleton bites you!
The water moccasin skeleton bites you but does no damage.
You barely miss the water moccasin skeleton.
The water moccasin skeleton is moderately damaged.
The water moccasin skeleton barely misses you.
You hit the water moccasin skeleton.
The water moccasin skeleton is moderately damaged.
The water moccasin skeleton closely misses you.
The water moccasin skeleton bites you.
* * * LOW HITPOINT WARNING * * *
You barely miss the water moccasin skeleton.
The water moccasin skeleton is moderately damaged.
The water moccasin skeleton bites you.
* * * LOW HITPOINT WARNING * * *
You hit the water moccasin skeleton.
The water moccasin skeleton is heavily damaged.
The water moccasin skeleton bites you.
* * * LOW HITPOINT WARNING * * *
You barely miss the water moccasin skeleton.
The water moccasin skeleton is heavily damaged.
The water moccasin skeleton bites you but does no damage.
The water moccasin skeleton completely misses you.
You are too injured to fight recklessly!
You hit the water moccasin skeleton.
The water moccasin skeleton is heavily damaged.
The water moccasin skeleton misses you.
You slash the water moccasin skeleton!
The water moccasin skeleton is severely damaged.
The water moccasin skeleton barely misses you.
The water moccasin skeleton bites you.
You die...

#.. #.# #.# #<#
#.########## #
#..........##.#.
#.....†.........
##.#####........
#.# #@.###...
#.. #Z.# # ####
#.## #.# #.# #.#
#.# #.#


You could see a water moccasin skeleton.

Vanquished Creatures
  2 bats (D:1)
  A giant cockroach (D:1)
  A quokka (D:1)
  2 ball pythons
  2 frilled lizards (D:1)
  A rat (D:1)
9 creatures vanquished.

Notes
Turn   | Place    | Note
-------+----------+-------------------------------------------
     0 | D:1      | Allula97 the Demonspawn Monk began the quest for the Orb.
     0 | D:1      | Reached XP level 1. HP: 18/18 MP: 1/1
   930 | D:2      | Gained mutation: You regenerate magic rapidly. [demonic
                  | ancestry]
   930 | D:2      | Reached XP level 2. HP: 24/24 MP: 2/2
   943 | D:2      | Slain by a water moccasin skeleton

Illustrated notes

Levels and vault maps discovered:
D:1:      dpeg_arrival_yet_another_circle, layout_loops_ring
D:2:      layout_loops_ring, kennysheep_generic_room_4, uniq_natasha

Action                   || total
-------------------------++-------
Melee: Hand axe          ||    47
 Stab: Sleeping          ||     1
Armor: Robe              ||    12
Dodge: Dodged            ||    38
